 Dungeon Crawl Stone Soup version 0.27.0-1-g7a089689b8 (webtiles) character file.

Game seed: 8481281018796822794

2 Descartes the Ducker (level 1, 0/10 HPs)
             Began as a Felid Monk on Aug 1, 2021.
             Slain by a jackal (1 damage)
             ... on level 1 of the Dungeon.
             The game lasted 00:00:07 (24 turns).

Descartes the Ducker (Felid Monk)                     Turns: 24, Time: 00:00:08

Health: 0/10       AC:  1    Str:  7    XL:     1   Next: 25%
Magic:  2/2        EV: 19    Int: 11    God:
Gold:   4          SH:  0    Dex: 18    Spells: 0/0 levels left
                                        Lives:  0   Deaths: 0

rFire    . . .     SeeInvis +     - Unarmed
rCold    . . .     Faith    .   (shield unavailable)
rNeg     . . .     Spirit   .   (armour unavailable)
rPois    .         Reflect  .   (helmet unavailable)
rElec    .         Harm     .   (cloak unavailable)
rCorr    .         Rampage  .   (gloves unavailable)
Will     .....                  (boots unavailable)
Stlth    ++........             (no amulet)
HPRegen  0.03/turn              (no ring)
MPRegen  0.08/turn              (no ring)

@: quick
A: very small, claws 1, fangs 3, see invisible, speed 1, shaggy fur 1, stealthy
paws, no weapons or thrown items, no armour, multi-lived
a: no special abilities


You were on level 1 of the Dungeon.
You visited 1 branch of the dungeon, and saw 1 of its levels.

You collected 4 gold pieces.

Inventory:

Potions
 a - a potion of lignification {unknown}


   Skills:
 - Level 3.0 Fighting
 + Level 4.0 Dodging
 + Level 2.8 Stealth
 + Level 3.0 Unarmed Combat


You couldn't memorise any spells.
You didn't know any spells.
Your spell library was empty.

Dungeon Overview and Level Annotations

Branches:
Dungeon (1/15)

Altars:


Innate Abilities, Weirdness & Mutations

You have sharp claws.
You have razor-sharp teeth.
You have supernaturally acute eyesight. (SInv)
You cover ground quickly. (Speed+)
You are covered in fur. (AC +1)
Your paws help you pounce on unaware monsters.
You are incapable of wielding weapons or throwing items.
You cannot wear armour.
You gain extra lives every three experience levels.


Message History

You scratch the jackal but do no damage.
The jackal barely misses you. The goblin closely misses you.
The jackal completely misses you.
You closely miss the jackal. The goblin closely misses you.
The jackal closely misses you.
A ball python comes into view.
You closely miss the jackal.
The ball python hisses angrily.
You bite the jackal.
The jackal is moderately wounded.
The jackal bites you. The goblin barely misses you.
You are too injured to fight recklessly!
You are too injured to fight recklessly!
You are too injured to fight recklessly!
You are too injured to fight recklessly!
You are too injured to fight recklessly!
You are too injured to fight recklessly!
You are too injured to fight recklessly!
You are too injured to fight recklessly!
You are too injured to fight recklessly!
You are too injured to fight recklessly!
You are too injured to fight recklessly!
You are too injured to fight recklessly!
You are too injured to fight recklessly!
You are too injured to fight recklessly!
You are too injured to fight recklessly!
You are too injured to fight recklessly!
You are too injured to fight recklessly!
You are too injured to fight recklessly!
You are too injured to fight recklessly!
The jackal bites you.
* * * LOW HITPOINT WARNING * * *
There is an open door here.
You closely miss the jackal.
The jackal is lightly wounded.
The jackal closely misses you.
You completely miss the jackal. You bite the jackal.
The jackal is severely wounded.
The jackal bites you.
You die...

#####..
....(..
....!..
......S
.(.....
.......##
.......g#
#h#
##@######
#♣P.♣P♣♣P#
+.....♣PP#
#♣PP.....#
#P♣♣P♣P.<#
## #######


You could see a jackal, a goblin and a ball python.

Vanquished Creatures
  A jackal (D:1)
  A ball python (D:1)
2 creatures vanquished.

Notes
Turn   | Place    | Note
-------+----------+-------------------------------------------
     0 | D:1      | Descartes the Felid Monk began the quest for the Orb.
     0 | D:1      | Reached XP level 1. HP: 10/10 MP: 2/2
    24 | D:1      | Slain by a jackal

Illustrated notes

Levels and vault maps discovered:
D:1:      tarquinn_simple_flora_water_f, layout_basic, serial_shops, shop,
          serial_aquarium, aquarium_bridge_square [aquarium_subvault_bridge,
          aquarium_subvault_balcony, aquarium_subvault_window,
          aquarium_subvault_wall], aquarium_bridge_straight
          [aquarium_subvault_bridge, aquarium_subvault_window,
          aquarium_subvault_bridge, aquarium_subvault_wall],
          aquarium_window_fake, aquarium_window_2, aquarium_view_2c,
          aquarium_balcony_1b, aquarium_pool_five, minmay_tetromino_i4

Action                   || total
-------------------------++-------
Melee: Unarmed           ||    13
       Bite              ||     3
       Punch             ||     1
Dodge: Dodged            ||    20
